 Dungeon Crawl Stone Soup version 0.30-a0-534-gdc55766716 (webtiles) character file.

Game seed: 11959839374783318823

565 cforsyth the Ruffian (level 7, -6/58 HPs)
             Began as a Purple Draconian Transmuter on Dec 25, 2022.
             Mangled by Pikel
             ... wielding a +1 whip of freezing
              (11 damage)
             ... on level 5 of the Dungeon.
             The game lasted 00:06:53 (5752 turns).

cforsyth the Ruffian (Purple Draconian Transmuter)  Turns: 5752, Time: 00:06:54

Health: -6/58      AC:  9    Str: 14    XL:     7   Next: 10%
Magic:  13/13      EV: 12    Int: 14    God:
Gold:   255        SH:  0    Dex: 11    Spells: 11/14 levels left

rFire   . . .      SeeInvis .      - Unarmed
rCold   . . .      Faith    .    (no shield)
rNeg    . . .      Spirit   .    (body armour unavailable)
rPois   .          Reflect  .    (helmet restricted)
rElec   .          Harm     .    (no cloak)
rCorr   .          Rampage  .    p - +2 pair of gloves
Will    +....                    (no boots)
Stlth   +                        (no amulet)
HPRegen 0.29/turn                c - ring of flight
MPRegen 0.13/turn                (no ring)

@: flying
A: breathe power, AC +6, unfitting armour, cold-blooded
a: Breathe Dispelling Energy


You were on level 5 of the Dungeon.
You visited 1 branch of the dungeon, and saw 5 of its levels.

You collected 255 gold pieces.

Inventory:

Armour
 p - a +2 pair of gloves (worn)
Jewellery
 c - a ring of flight (left hand)
 z - a ring of willpower
 A - a +6 ring of dexterity
Wands
 t - a wand of charming (5)
Scrolls
 e - a scroll of silence {unknown}
 f - a scroll of fear {unknown}
 k - 2 scrolls of magic mapping
 l - a scroll of immolation
 m - 2 scrolls of enchant armour {unknown}
 n - a scroll of vulnerability {unknown}
 q - a scroll of poison
 v - a scroll of butterflies
 w - a scroll of teleportation {unknown}
 x - a scroll of amnesia {unknown}
 y - a scroll of identify
Potions
 a - a potion of lignification
 b - a potion of heal wounds {unknown}
 d - 2 potions of flight
 g - a potion of degeneration {unknown}
 h - a potion of haste
 i - a potion of resistance {unknown}
 j - 4 potions of curing
 o - a potion of mutation {unknown}
 r - a potion of cancellation
 s - a potion of might {unknown}
 u - a potion of ambrosia {unknown}


   Skills:
 + Level 3.9 Fighting
 - Level 3.0 Dodging
 + Level 4.5 Unarmed Combat
 + Level 4.4 Spellcasting
 + Level 4.0 Transmutations


You had 11 spell levels left.
You knew the following spells:

 Your Spells              Type           Power      Damage    Failure   Level
a - Beastly Appendage     Tmut           28%        N/A       3%          1
b - Wereblood             Tmut           14%        N/A       5%          2

Your spell library contained the following spells:

 Spells                   Type           Power      Damage    Failure   Level
 Spider Form              Tmut/Pois      8%         N/A       24%         3
 Ignite Poison            Fire/Tmut/Pois 6%         N/A       32%         3
 Frozen Ramparts          Ice            6%         1d1       50%         3
 Ice Form                 Ice/Tmut       8%         N/A       63%         4
 Sticky Flame             Conj/Fire      3%         2d3       88%         4
 Summon Ice Beast         Ice/Summ       3%         N/A       88%         4
 Ignition                 Fire           1%         3d3       100%        8


Dungeon Overview and Level Annotations

Branches:
Dungeon (5/15)             Temple (0/1) D:4

Altars:
Sif Muna

Annotations:
D:2 1 runed translucent door, Crazy Yiuf
D:5 Pikel


Innate Abilities, Weirdness & Mutations

You can breathe bolts of dispelling energy.
Your rich purple scales are hard. (AC +6)
You cannot fit into any form of body armour.
You are cold-blooded and may be slowed by cold attacks.


Message History

You feel yourself slow down. Pikel freezes you.
You hit Pikel.
Your tail-slap misses Pikel.
Pikel is severely wounded.
You howl as the wereblood boils in your veins!
Pikel closely misses you. Pikel barely misses you.
You barely miss Pikel. You tail-slap Pikel.
Pikel is almost dead.
You feel yourself speed up. Pikel closely misses you.
You hit Pikel but do no damage.
Your tail-slap misses Pikel.
Pikel is almost dead.
Your primal bloodlust has ended.
Pikel hits you but does no damage.
You hit Pikel but do no damage.
Pikel is almost dead.
Pikel hits you with a +1 whip of freezing.
Pikel freezes you.
You hit Pikel but do no damage.
Pikel is almost dead.
Pikel hits you with a +1 whip of freezing!
* * * LOW HITPOINT WARNING * * *
You feel yourself slow down. Pikel freezes you.
* * * LOW HITPOINT WARNING * * *
You hit Pikel but do no damage.
Pikel is almost dead.
Pikel barely misses you.
You closely miss Pikel.
Pikel is almost dead.
You feel yourself speed up.
Pikel hits you with a +1 whip of freezing.
* * * LOW HITPOINT WARNING * * *
You feel yourself slow down. Pikel freezes you.
* * * LOW HITPOINT WARNING * * *
It was a potion of cancellation.
Your magical effects are unravelling.
You feel magically purged.
You feel yourself speed up. Pikel hits you but does no damage.
Pikel hits you with a +1 whip of freezing!
You die...

##.#..###.####.####
###......####.....
#..#............ ##
# #.###..####.. .#
#.... #..# .
#..#####..# . #
#.........#
#...######
##.#...##.#
#........
#...###.#@#
#..#####. ....
#oK.# #. ##. #o###
#. # #..noo...# #.
....#.......s.. #.
.. ............ #.
....#####.### #.
?..... .# ...... #


You could see Pikel, a necrophage, an orc priest, an orc wizard and an orc.

Vanquished Creatures
  3 lemures
  A phantom (D:4)
  2 necrophages (D:5)
  A scorpion (D:5)
  2 hounds
  2 iguanas
  An orc wizard (D:3)
  4 gnolls (D:5)
  4 adders
  2 worms (D:2)
  2 dart slugs (D:3)
  9 orcs
  4 ball pythons
  13 endoplasms
  3 giant cockroaches
  7 hobgoblins
  4 jackals (D:3)
  7 kobolds
  2 quokkas
  4 bats
  A frilled lizard (D:1)
  6 goblins
  2 rats (D:1)
86 creatures vanquished.

Notes
Turn   | Place    | Note
-------+----------+-------------------------------------------
     0 | D:1      | cforsyth the Draconian Transmuter began the quest for the
                  | Orb.
     0 | D:1      | Reached XP level 1. HP: 16/16 MP: 3/3
   139 | D:1      | Reached XP level 2. HP: 23/23 MP: 3/5
   875 | D:1      | Reached XP level 3. HP: 18/29 MP: 6/6
  1475 | D:2      | Found a faded altar of an unknown god.
  1722 | D:2      | Found a runed translucent door.
  1723 | D:2      | Noticed Crazy Yiuf
  2682 | D:3      | Reached XP level 4. HP: 30/36 MP: 5/7
  3519 | D:4      | Reached XP level 5. HP: 34/42 MP: 9/9
  3659 | D:4      | Learned a level 2 spell: Wereblood
  3923 | D:4      | Found a staircase to the Ecumenical Temple.
  4062 | D:4      | Noticed a phantom
  4075 | D:4      | Killed a phantom
  4178 | D:4      | Found a shimmering blue altar of Sif Muna.
  4314 | D:5      | Entered Level 5 of the Dungeon
  4378 | D:5      | Reached XP level 6. HP: 48/51 MP: 10/10
  4595 | D:5      | Noticed an orc warrior
  5718 | D:5      | Noticed Pikel
  5733 | D:5      | Your scales start taking on a rich purple colour.
  5733 | D:5      | Reached XP level 7. HP: 58/58 MP: 10/13
  5752 | D:5      | Mangled by Pikel

Illustrated notes

Levels and vault maps discovered:
D:1:      dpeg_arrival_concentric_ovals, layout_basic
D:2:      layout_basic, basic_ecumenical_altar, uniq_crazy_yiuf_cottage
D:3:      layout_basic
D:4:      layout_basic, mainiacjoe_overflow_alcove_4,
          minmay_temple_entry_antechambers
D:5:      minmay_chambers_of_fours, layout_loops_ring, uniq_pikel

Skill      XL: |  1  2  3  4  5  6 |
---------------+-------------------+-----
Dodging        | 2 3 |  3.0
Fighting       | 2 3 |  3.9
Transmutations | 3 4 |  4.0
Spellcasting   | 3 4 |  4.4
Unarmed Combat | 4 |  4.5

Action                   |  1- 3 |  4- 6 |  7- 9 || total
-------------------------+-------+-------+-------++-------
Melee: Unarmed           |   131 |   226 |    19 ||   376
       Kick              |    26 |    34 |     1 ||    61
       Headbutt          |    13 |    26 |       ||    39
       Tailslap          |     7 |    30 |     5 ||    42
       Punch             |     1 |     2 |       ||     3
 Cast: Beastly Appendage |    32 |    30 |       ||    62
       Wereblood         |       |     3 |       ||     3
  Use: Scroll            |       |     6 |       ||     6
       Potion            |       |       |     1 ||     1
 Stab: Sleeping          |       |     1 |       ||     1
Armor: Skin              |    32 |    83 |     3 ||   118
Dodge: Dodged            |    81 |   104 |     9 ||   194

Table legend: (Time is in decaauts)
 A = Elapsed time spent in this place.
 B = Non-inter-level travel time spent in this place.
 C = Inter-level travel time spent in this place.
 D = Time resting spent in this place.
 E = Time spent auto-exploring this place.
 F = Levels seen in this place.
 G = Mean time per level.
                   A        B        C        D        E       F      G
               +--------+--------+--------+--------+--------+-----+--------+
         Total |   5730 |   5540 |    190 |    734 |   3921 |   5 | 1146.0 |
       Dungeon |   5730 |   5540 |    190 |    734 |   3921 |   5 | 1146.0 |
               +--------+--------+--------+--------+--------+-----+--------+

Top non-repeatable levels by time:
     D:4: 1646 daAuts
     D:2: 1267 daAuts
     D:1: 1239 daAuts
     D:3: 970 daAuts
     D:5: 607 daAuts
